 Dungeon Crawl Stone Soup version 0.19-b1-5-gdc9fa9d (webtiles) character file.

88 odei the Skirmisher (level 4, -1/30 HPs)
             Began as a Kobold Berserker on Oct 31, 2016.
             Was a Believer of Trog.
             Slain by an adder (5 damage)
             ... on level 2 of the Dungeon.
             The game lasted 00:05:02 (802 turns).

odei the Skirmisher (Kobold Berserker)               Turns: 802, Time: 00:05:03

Health: -1/30      AC:  2    Str: 15    XL:     4   Next: 82%
Magic:  4/4        EV: 15    Int:  8    God:    Trog [**....]
Gold:   33         SH:  0    Dex: 14    Spells: 0 memorised, 3 levels left

rFire  . . .     SeeInvis .     a - +0 falchion
rCold  . . .     Gourm    .     b - +0 animal skin
rNeg   . . .     Faith    .     (shield restricted)
rPois  .         Spirit   .     (no helmet)
rElec  .         Reflect  .     (no cloak)
rCorr  .         Harm     .     (no gloves)
MR     .....                    (no boots)
Stlth  ++........               (no amulet)
                                (no ring)
                                (no ring)

@: lethally poisoned (-1 -> -3), exhausted, slowed, very slow
A: carnivore 3
a: Berserk, Trog's Hand, Burn Spellbooks, Renounce Religion


You were on level 2 of the Dungeon.
You worshipped Trog.
Trog was pleased with you.
You were very full.

You visited 1 branch of the dungeon, and saw 2 of its levels.

You collected 33 gold pieces.

Inventory:

Hand Weapons
 a - a +0 falchion (weapon)
Armour
 b - a +0 animal skin (worn)
 g - a +0 ring mail
Scrolls
 d - a scroll of recharging {unknown}
 h - a scroll of teleportation {unknown}
 i - a scroll of remove curse {unknown}
 j - a scroll of enchant weapon {unknown}
Potions
 e - 2 potions of curing {unknown}
Comestibles
 c - 2 meat rations
 f - a beef jerky
 k - a chunk of flesh


   Skills:
 + Level 4.4 Fighting
 + Level 3.0 Long Blades
 + Level 1.7 Armour
 + Level 3.1 Dodging
 + Level 1.3 Stealth


You had 3 spell levels left.
You didn't know any spells.

Dungeon Overview and Level Annotations

Branches:
Dungeon (2/15)

Altars:


Innate Abilities, Weirdness & Mutations

You are small and have problems with some larger weapons.
You are carnivorous and can eat meat at any time.


Message History

Things that are here:
a falchion; a scale mail You feel a strong urge to attack something.
Found a chain mail.
You are no longer berserk.
You are exhausted.
You feel yourself slow down. The adder misses you.
You riposte.
You hit the adder but do no damage.
Found a scroll labeled UTWARI ZAPP.
You miss the adder. The adder bites you.
The adder bites you but does no damage.
You barely miss the adder. The adder barely misses you. The adder bites you.
* * * LOW HITPOINT WARNING * * *
You are poisoned.
The adder poisons you!
You closely miss the adder.
You feel sick. The adder completely misses you. The adder barely misses you.
You closely miss the adder.
You feel sick. The adder closely misses you. The adder bites you.
You die...

#.## .. ?..... #... ...
..... . ##. ...
#..##...... .... ...
#.......#.###### ... ...
........#.#........# #..
.!......#........#.# ##
......S......##.##.#
[......@........##.#####
...)............#.......
........)...%......#####
#................#.##
...#.......[.......?#
................#...##
...#.##...........†..###
####. #.########....).>.
....># ##.......


You could see an adder.

Vanquished Creatures
  Ijyb (D:2)
  Terence (D:2)
  An adder (D:2)
  A worm (D:2)
  A leopard gecko (D:1)
  7 goblins (D:1)
  2 hobgoblins (D:1)
  4 kobolds (D:1)
  2 quokkas
  3 bats (D:2)
  A frilled lizard (D:1)
  A rat (D:1)
25 creatures vanquished.

Vanquished Creatures (others)
  5 toadstools (D:1)
5 creatures vanquished.

Grand Total: 30 creatures vanquished

Notes
Turn   | Place    | Note
-------+----------+-------------------------------------------
     0 | D:1      | odei the Kobold Berserker began the quest for the Orb.
     0 | D:1      | Reached XP level 1. HP: 14/14 MP: 1/1
   145 | D:1      | Reached XP level 2. HP: 12/19 MP: 2/2
   452 | D:1      | Reached XP level 3. HP: 17/23 MP: 3/3
   479 | D:1      | Reached skill level 1 in Stealth
   781 | D:2      | Noticed Ijyb
   789 | D:2      | Noticed Terence
   791 | D:2      | Killed Ijyb
   791 | D:2      | Reached ** piety under Trog
   791 | D:2      | Reached skill level 4 in Fighting
   791 | D:2      | Reached XP level 4. HP: 17/30 MP: 4/4
   795 | D:2      | Killed Terence
   802 | D:2      | Slain by an adder

Skill      XL: |  1  2  3  4 |
---------------+-------------+-----
Stealth        | 1 |  1.3
Fighting       | 4 |  4.4
Long Blades    | 3 |  3.0
Dodging        | 3 |  3.1
Armour         | |  1.7

Action                   |  1- 3 |  4- 6 || total
-------------------------+-------+-------++-------
Melee: Falchion          |    68 |     6 ||    74
Invok: Berserk           |     1 |       ||     1
 Stab: Sleeping          |     3 |       ||     3
  Eat: Chunk             |     8 |       ||     8
Armor: Animal skin       |    10 |     1 ||    11
Dodge: Dodged            |    51 |     6 ||    57
       Rpst.: Falchion   |    18 |     2 ||    20
